[Event "Titled Tuesday Blitz November 01 Early 2022"]
[White "Colas, Joshua"]
[Black "Terry, Renato"]
[WhiteFideId "2044447"]
[BlackFideId "3803457"]
[WhiteElo "2347"]
[BlackElo "2577"]
[Result "0-1"]
[Round "04"]
[TimeControl "180+1"]
[Date "2022.11.01"]
[WhiteClock "0:00:01"]
[BlackClock "0:00:27"]

1. Nf3 b5 2. d4 Bb7 3. e3 a6 4. c4 bxc4 5. Bxc4 e6 6. O-O Nf6 7. Nc3 d5 8. Bd3 c5 9. b3 Nc6 10. dxc5 Bxc5 11. Bb2 O-O 12. Na4 Bd6 13. Rc1 Qe7 14. Bb1 Rac8 15. Qe2 Ne4 16. Rfd1 f5 17. Nd4 Ne5 18. f3 Nf6 19. Qe1 Ng6 20. Nc3 Nh5 21. Nce2 Qg5 22. Qf2 Rfe8 23. Rxc8 Bxc8 24. f4 Qe7 25. Nc6 Qb7 26. Ned4 Bd7 27. Rc1 Rc8 28. Na5 Rxc1+ 29. Bxc1 Qc7 30. Bd2 Nf6 31. Qf1 Qb6 32. Qc1 Ne7 33. Bd3 Ne4 34. Be1 Bxf4 35. Bxe4 fxe4 36. Bf2 Bd6 37. Be1 e5 0-1


[Site "https://www.chess.com"]

[Event "Titled Tuesday Blitz November 01 Early 2022"]
[White "D`Arruda, Ricardo D."]
[Black "Terzi, Alexei"]
[WhiteFideId "100692"]
[BlackFideId "13505076"]
[WhiteElo "2466"]
[BlackElo "2172"]
[Result "1/2-1/2"]
[Round "04"]
[TimeControl "180+1"]
[Date "2022.11.02"]
[WhiteClock "0:00:09"]
[BlackClock "0:00:20"]

1. d4 Nf6 2. Nf3 g6 3. Nc3 c5 4. d5 e6 5. e4 exd5 6. Nxd5 Nxd5 7. Qxd5 Bg7 8. Bc4 O-O 9. O-O d6 10. c3 Nc6 11. Bf4 Be6 12. Qd3 Ne5 13. Bxe5 dxe5 14. Qxd8 Rfxd8 15. Bxe6 fxe6 16. Rfd1 Bf6 17. Kf1 Kf7 18. Ke2 Ke7 19. Rxd8 Rxd8 20. Rd1 Rc8 21. c4 Rb8 22. a4 Rc8 23. b3 Rc6 24. Rd3 Rb6 25. g4 h6 26. h4 a6 27. g5 hxg5 28. hxg5 Bg7 29. Nh4 Kf7 30. Kd1 Bf8 31. Kc2 Be7 32. Nf3 Bd6 33. Rd1 Kg7 34. Rh1 Rb4 35. Ne1 Rb6 36. Rh3 Rc6 37. Rf3 Rc8 38. Nd3 Rf8 39. Rxf8 Kxf8 40. Kd1 b6 41. Ke2 a5 42. Kf3 Be7 43. Kg4 Bd6 44. f4 exf4 45. e5 Bc7 46. Nxf4 Kf7 47. Nd3 Bb8 48. Kf4 Bc7 49. Ke4 Bd8 50. Kf4 Bc7 51. Ne1 Bb8 52. Nf3 Bc7 53. Nd2 Bd8 54. Ne4 Bc7 55. Nf6 Ke7 56. Ne4 Kf7 57. Nf2 Ke7 58. Ng4 Kf7 59. Nf2 Ke7 60. Ne4 Kf7 1/2-1/2


[Site "https://www.chess.com"]

[Event "Titled Tuesday Blitz November 01 Early 2022"]
[White "Darini, Pouria"]
[Black "Salem, A.R. Saleh"]
[WhiteFideId "12502200"]
[BlackFideId "9301348"]
[WhiteElo "2483"]
[BlackElo "2628"]
[Result "1/2-1/2"]
[Round "04"]
[TimeControl "180+1"]
[Date "2022.11.01"]
[WhiteClock "0:00:07"]
[BlackClock "0:00:06"]

1. e4 c5 2. Nf3 d6 3. d4 cxd4 4. Nxd4 Nf6 5. Nc3 a6 6. a4 Nc6 7. Nxc6 bxc6 8. a5 Rb8 9. Bd3 Nd7 10. O-O g6 11. b3 Bg7 12. Bb2 O-O 13. Re1 Nc5 14. Bc4 Be6 15. Bf1 Qc7 16. Na4 Bxb2 17. Nxb2 Rb4 18. Nd3 Nxd3 19. Bxd3 c5 20. c4 Rfb8 21. Bc2 Rd8 22. Qe2 Rb7 23. h4 Qd7 24. h5 Qe8 25. hxg6 hxg6 26. f4 Bc8 27. e5 Qf8 28. Rad1 Qg7 29. Qe3 Bg4 30. Rd2 Rbd7 31. exd6 Rxd6 32. Rxd6 exd6 33. Qg3 Qd4+ 34. Qf2 Qc3 35. Re3 Qxa5 36. f5 Qa1+ 37. Re1 Qf6 38. fxg6 Qxf2+ 39. Kxf2 fxg6 40. Bxg6 Kg7 41. Bc2 Kf6 42. Re3 a5 43. Rd3 Ke5 44. Rd5+ Kf6 45. Ke3 Be6 46. Rd2 a4 47. bxa4 Bxc4 48. Kf4 d5 49. g4 d4 50. g5+ Kg7 51. Bf5 Bb3 52. Rh2 Bg8 53. Ke5 c4 54. Rh4 d3 55. Rh1 c3 56. Bxd3 Rxd3 57. Rc1 Bb3 58. Ke4 Rh3 59. a5 c2 60. a6 Rh8 61. Kd4 Rc8 62. a7 Kg6 63. Kd3 Kxg5 64. Rg1+ Kf4 65. Rf1+ Ke5 66. Ra1 Ra8 67. Kc3 Rxa7 68. Re1+ Kd5 69. Kxb3 Rc7 70. Rc1 Kd4 71. Rxc2 Rxc2 72. Kxc2 1/2-1/2


[Site "https://www.chess.com"]

[Event "Titled Tuesday Blitz November 01 Early 2022"]
[White "De Souza, Cristiano Gomes"]
[Black "Grover, Sahaj"]
[WhiteFideId "2151758"]
[BlackFideId "5021103"]
[WhiteElo "2068"]
[BlackElo "2432"]
[Result "0-1"]
[Round "04"]
[TimeControl "180+1"]
[Date "2022.11.02"]
[WhiteClock "0:00:07"]
[BlackClock "0:00:34"]

1. d4 d5 2. c4 e6 3. Nf3 Nf6 4. Nc3 Bb4 5. Bg5 h6 6. Bxf6 Qxf6 7. Rc1 O-O 8. Ne5 c5 9. a3 cxd4 10. Qxd4 Bd6 11. Nf3 Qxd4 12. Nxd4 dxc4 13. e4 a6 14. Bxc4 b5 15. Be2 Bb7 16. O-O Be5 17. Rfd1 g5 18. f3 Nc6 19. Nxc6 Bxc6 20. Kf1 Bxh2 21. Nd5 Bb7 22. Nf6+ Kg7 23. Ng4 Bf4 24. Rc3 Rfd8 25. Rcd3 Rxd3 26. Rxd3 Rc8 27. Rd7 Rc7 28. Rxc7 Bxc7 29. Ne3 Bb6 30. Nc2 Kf6 31. Bd3 Ke5 32. g3 h5 33. Ke2 f5 34. exf5 exf5 35. Ne3 Bxe3 36. Kxe3 f4+ 37. gxf4+ gxf4+ 38. Kf2 Kd4 39. Bf5 h4 40. Kg2 Ke3 41. Bg4 Ke2 42. b3 Kd3 43. Be6 Ke3 44. Bg4 Ke2 45. Bh5 h3+ 46. Kxh3 Bxf3 47. Bf7 Bb7 48. Kh2 f3 49. Bh5 Ke1 50. Bxf3 Bxf3 51. Kg3 Bd5 52. Kf4 Bxb3 53. Ke5 Kd2 54. Ke4 Kc3 0-1


[Site "https://www.chess.com"]

[Event "Titled Tuesday Blitz November 01 Early 2022"]
[White "Deac, Bogdan-Daniel"]
[Black "Narayanan, Srinath"]
[WhiteFideId "1226380"]
[BlackFideId "5018420"]
[WhiteElo "2648"]
[BlackElo "2459"]
[Result "1/2-1/2"]
[Round "04"]
[TimeControl "180+1"]
[Date "2022.11.01"]
[WhiteClock "0:00:06"]
[BlackClock "0:00:05"]

1. d4 Nf6 2. c4 e6 3. g3 d5 4. Bg2 Be7 5. Nf3 O-O 6. Qd3 b6 7. cxd5 exd5 8. Nc3 Ba6 9. Qc2 c5 10. O-O Nc6 11. Qa4 Bb7 12. Bg5 c4 13. Qd1 a6 14. a4 h6 15. Bxf6 Bxf6 16. e3 Nb4 17. b3 Rc8 18. Nd2 Qd7 19. bxc4 dxc4 20. Bxb7 Qxb7 21. Rb1 Be7 22. Qf3 Qd7 23. Rb2 Rc6 24. Rfb1 Rf6 25. Qe2 Nd3 26. Nxc4 Nxb2 27. Rxb2 Rc8 28. Ne4 Rfc6 29. Nxb6 Qh3 30. Nc5 Bxc5 31. Nxc8 Ba3 32. Rb1 Qxc8 33. Kg2 Rc2 34. Qf3 a5 35. Rb7 Qe8 36. Qd5 Bb4 37. Kf1 Rc1+ 38. Kg2 Rc2 39. Kf1 Rc8 40. Kg2 Qc6 41. Qxc6 Rxc6 42. d5 Rc2 43. Ra7 Be1 44. Kf1 Bb4 45. e4 g6 46. e5 Rd2 47. d6 Bc5 48. Ra8+ Kg7 49. f4 Bb4 50. Rc8 g5 51. Rc7 gxf4 52. gxf4 Rd4 53. f5 Rf4+ 54. Kg2 Rxf5 55. d7 Be7 56. Rc8 Rg5+ 57. Kf3 Rxe5 58. Re8 Kf6 59. d8=Q Rf5+ 60. Kg3 Bxd8 61. Rxd8 Rc5 62. Ra8 Kg5 63. Ra6 f5 64. h4+ Kh5 65. Kf4 Rc4+ 66. Kxf5 Rxa4 67. Ke5 Ra1 68. Kf4 a4 69. Kg3 Ra3+ 70. Kg2 Ra2+ 71. Kg3 Ra3+ 72. Kf4 Ra1 73. Kg3 a3 74. Kh3 Rh1+ 75. Kg2 Ra1 76. Kg3 a2 77. Kg2 Kg4 78. Ra4+ Kf5 79. Kh2 h5 80. Kg2 Ke5 81. Ra8 Kf4 82. Kh2 Kf5 83. Ra5+ Kg4 84. Ra4+ Kf3 85. Ra3+ Kf2 86. Ra8 Kf3 87. Ra3+ Kg4 88. Ra4+ Kf5 89. Ra5+ 1/2-1/2


[Site "https://www.chess.com"]

[Event "Titled Tuesday Blitz November 01 Early 2022"]
[White "Devaev, Alexander"]
[Black "Shimelkov, Vasiliy"]
[WhiteFideId "4169395"]
[BlackFideId "13701630"]
[WhiteElo "2225"]
[BlackElo "2073"]
[Result "0-1"]
[Round "04"]
[TimeControl "180+1"]
[Date "2022.11.02"]
[WhiteClock "0:00:07"]
[BlackClock "0:00:48"]

1. Nf3 d5 2. c4 d4 3. b4 Nf6 4. Bb2 c5 5. bxc5 Nc6 6. g3 e6 7. Bg2 Bxc5 8. O-O O-O 9. d3 a5 10. Na3 a4 11. Rb1 e5 12. Nb5 Qe7 13. Nd2 Bf5 14. h3 Rfd8 15. Kh2 e4 16. dxe4 Nxe4 17. Nxe4 Bxe4 18. Bxe4 Qxe4 19. Qd3 Qe7 20. Ba3 Ne5 21. Bxc5 Qxc5 22. Qf5 g6 23. Qf6 Re8 24. Qd6 Qxc4 25. Nc7 Rad8 26. Nxe8 Rxd6 27. Nxd6 Qxe2 28. Kg2 d3 29. Rbd1 d2 0-1


[Site "https://www.chess.com"]

[Event "Titled Tuesday Blitz November 01 Early 2022"]
[White "Dushyant Sharma"]
[Black "Predke, Alexandr"]
[WhiteFideId "25065130"]
[BlackFideId "24107581"]
[WhiteElo "2270"]
[BlackElo "2614"]
[Result "0-1"]
[Round "04"]
[TimeControl "180+1"]
[Date "2022.11.02"]
[WhiteClock "0:00:02"]
[BlackClock "0:00:07"]

1. e4 c5 2. Nf3 e6 3. d4 cxd4 4. Nxd4 Nc6 5. Nc3 Qc7 6. f4 a6 7. Nf3 d6 8. Bd3 Nf6 9. O-O Be7 10. Kh1 b5 11. a3 Bb7 12. Bd2 O-O-O 13. b4 d5 14. e5 Ne4 15. Nxe4 dxe4 16. Bxe4 Nd4 17. Bxb7+ Qxb7 18. Nxd4 Rxd4 19. Qe2 Rhd8 20. Be3 Qe4 21. Rae1 Rc4 22. Bb6 Qxe2 23. Rxe2 Rd5 24. h3 Kb7 25. Bg1 g6 26. g4 Rc3 27. Kg2 Rxa3 28. f5 Bxb4 29. fxg6 fxg6 30. Rf7+ Kc6 31. Rxh7 Bc3 32. Re7 Rxe5 33. Rxe6+ Kd5 34. R2xe5+ Bxe5 35. Rxg6 a5 36. h4 Rc3 37. h5 Rxc2+ 38. Kf3 Rc3+ 39. Ke2 b4 40. Ra6 Ra3 41. h6 b3 42. Rb6 b2 43. h7 Rh3 44. Rb5+ Kc4 45. Rb7 Rb3 46. Rxb3 Kxb3 47. h8=Q Bxh8 0-1


[Site "https://www.chess.com"]

[Event "Titled Tuesday Blitz November 01 Early 2022"]
[White "Eisa Mohmood, Alkhoori"]
[Black "Besedes, Danilo"]
[WhiteFideId "9316116"]
[BlackFideId "946796"]
[WhiteElo "1245"]
[BlackElo "2352"]
[Result "0-1"]
[Round "04"]
[TimeControl "180+1"]
[Date "2022.11.02"]
[WhiteClock "0:01:55"]
[BlackClock "0:02:11"]

1. e4 d6 2. d4 e5 3. Ne2 Nc6 4. Nbc3 Nf6 5. f3 Be7 6. Be3 O-O 7. g4 Nd7 8. d5 Bh4+ 9. Kd2 Ne7 10. Ng3 Ng6 11. Nf5 Bg5 12. Qe1 Bxe3+ 13. Qxe3 Nc5 14. h4 Bxf5 15. gxf5 Nf4 16. Qf2 c6 17. dxc6 bxc6 18. Rd1 Qa5 19. Kc1 Rab8 20. Bc4 Qb4 21. Bb3 a5 22. Rxd6 Nxb3+ 23. axb3 Qxd6 0-1


[Site "https://www.chess.com"]

[Event "Titled Tuesday Blitz November 01 Early 2022"]
[White "Fathy, Elameir"]
[Black "Alahakoon, Isuru"]
[WhiteFideId "10600396"]
[BlackFideId "9900993"]
[WhiteElo "2311"]
[BlackElo "2062"]
[Result "1/2-1/2"]
[Round "04"]
[TimeControl "180+1"]
[Date "2022.11.02"]
[WhiteClock "0:00:03"]
[BlackClock "0:00:12"]

1. d4 d5 2. c4 e6 3. Nf3 Nf6 4. g3 Bb4+ 5. Nbd2 c5 6. cxd5 exd5 7. Bg2 O-O 8. O-O c4 9. a3 Bd6 10. Nb1 h6 11. b3 b5 12. a4 Ba6 13. axb5 Bxb5 14. bxc4 Bxc4 15. Nfd2 Ba6 16. Nc3 Re8 17. Re1 Bb4 18. Bb2 Qb6 19. Nxd5 Nxd5 20. Bxd5 Bb7 21. Bxb7 Qxb7 22. Ba3 Bxa3 23. Rxa3 Nc6 24. e3 a5 25. Qf3 Qb4 26. Ra2 Rac8 27. Rb1 Qc3 28. Qd1 Nb4 29. Rxa5 Rxe3 30. Nf1 Rd3 31. Qa4 Rxd4 32. Ne3 Nc6 33. Qa3 Qxa5 34. Qb2 Qe5 35. Qc2 Qe6 36. Rc1 Rdd8 37. Qe2 Nd4 38. Qf1 Rxc1 39. Qxc1 Qc6 40. Qb2 Nf3+ 41. Kf1 Rd2 42. Qb8+ Kh7 43. Qf4 g6 44. Qxf7+ Kh8 45. Qf8+ Kh7 46. Qf7+ Kh8 47. Qf8+ Kh7 48. Qf7+ 1/2-1/2


[Site "https://www.chess.com"]

[Event "Titled Tuesday Blitz November 01 Early 2022"]
[White "Fernandez De La Vara, Arnaldo"]
[Black "Suleymanli, Aydin"]
[WhiteFideId "3518388"]
[BlackFideId "13413937"]
[WhiteElo "2387"]
[BlackElo "2481"]
[Result "0-1"]
[Round "04"]
[TimeControl "180+1"]
[Date "2022.11.01"]
[WhiteClock "0:00:02"]
[BlackClock "0:01:10"]

1. Nf3 c5 2. g3 d5 3. Bg2 f6 4. d4 cxd4 5. Nxd4 e5 6. Nb3 Ne7 7. c4 dxc4 8. Qxd8+ Kxd8 9. Na5 Nec6 10. Nxc4 Be6 11. b3 Nd7 12. Nc3 Nd4 13. O-O Bb4 14. Nd5 Nxe2+ 15. Kh1 Bxd5 16. Bxd5 Rb8 17. Be3 b5 18. Nd2 Ke7 19. Rfe1 Nc3 20. Bg2 a6 21. a3 Bd6 22. Rac1 Rbc8 23. f4 Bxa3 24. Rc2 Rhd8 25. Bb7 Rc7 26. Bxa6 Ra8 27. Ne4 Nxe4 28. Rxc7 Rxa6 29. fxe5 fxe5 30. Bc1 Bxc1 31. Rexc1 Nf6 32. Rb7 Ra2 33. Rcc7 e4 34. Rxb5 Kd6 35. Rc1 Ne5 36. Rb6+ Kd7 37. Rb7+ Ke6 38. Kg1 Nf3+ 39. Kf1 e3 40. Rb6+ Ke5 41. Rb5+ Nd5 0-1


[Site "https://www.chess.com"]

[Event "Titled Tuesday Blitz November 01 Early 2022"]
[White "Fernandez Hernandez, Gerardo"]
[Black "Khandelwal, Ankush"]
[WhiteFideId "2207400"]
[BlackFideId "413470"]
[WhiteElo "2252"]
[BlackElo "2271"]
[Result "0-1"]
[Round "04"]
[TimeControl "180+1"]
[Date "2022.11.02"]
[WhiteClock "0:00:01"]
[BlackClock "0:00:19"]

1. e4 c5 2. d3 g6 3. g3 Bg7 4. Bg2 d6 5. f4 Nf6 6. Nf3 O-O 7. O-O Nc6 8. h3 Rb8 9. Nh4 e6 10. f5 Ne5 11. Qe1 b5 12. g4 Re8 13. Qf2 Qb6 14. Bf4 Nexg4 15. hxg4 Nxg4 16. Qg3 exf5 17. Nc3 c4+ 18. Kh1 cxd3 19. Nd5 Qd8 20. Bxd6 Be5 21. Bxe5 Rxe5 22. exf5 Rxd5 23. Qxg4 Rd4 24. Qg3 Rxh4+ 25. Kg1 Bxf5 26. Rxf5 Qd4+ 0-1


[Site "https://www.chess.com"]

[Event "Titled Tuesday Blitz November 01 Early 2022"]
[White "Fernandez Siles, Luis"]
[Black "Shuvalov, Evgenij"]
[WhiteFideId "2209420"]
[BlackFideId "4187237"]
[WhiteElo "2186"]
[BlackElo "2049"]
[Result "0-1"]
[Round "04"]
[TimeControl "180+1"]
[Date "2022.11.02"]
[WhiteClock "0:00:01"]
[BlackClock "0:00:19"]

1. e4 e6 2. d4 d5 3. Nd2 c5 4. c3 Nc6 5. Ngf3 Nf6 6. Bd3 Be7 7. O-O O-O 8. e5 Nd7 9. Re1 f6 10. exf6 Nxf6 11. Nf1 cxd4 12. cxd4 Qb6 13. b3 Bd7 14. Bb2 Rac8 15. Ne5 Be8 16. Re3 Bh5 17. Qb1 Nb4 18. Ng3 Nxd3 19. Qxd3 Be8 20. Rae1 Bb4 21. Rc1 Rxc1+ 22. Bxc1 Bb5 23. Qd1 Rc8 24. Bb2 Qc7 25. h3 Qc2 26. Qf3 Qxb2 27. Ng4 Qxd4 0-1


[Site "https://www.chess.com"]

[Event "Titled Tuesday Blitz November 01 Early 2022"]
[White "Garayev, Kanan"]
[Black "Papasimakopoulos, Alexandros"]
[WhiteFideId "13406671"]
[BlackFideId "4244125"]
[WhiteElo "2244"]
[BlackElo "2357"]
[Result "0-1"]
[Round "04"]
[TimeControl "180+1"]
[Date "2022.11.01"]
[WhiteClock "0:01:35"]
[BlackClock "0:01:04"]

1. d4 e6 2. c4 b6 3. Nc3 Bb4 4. Nf3 Bb7 5. d5 Nf6 6. Bg5 h6 7. Bxf6 Qxf6 8. Qb3 Bxc3+ 9. bxc3 exd5 10. e3 dxc4 11. Bxc4 Nc6 12. Be2 Ne5 13. Nd4 Bxg2 14. Rg1 Bb7 15. Nb5 O-O 16. O-O-O Qxf2 17. Nd4 c5 18. Qc2 cxd4 19. exd4 Qe3+ 20. Kb2 Be4 21. Qa4 Qxe2+ 22. Ka1 Nc4 23. Qb4 a5 24. Qb5 Bc6 25. Qb3 a4 26. Qb4 a3 27. Rb1 Be4 28. Rge1 Qb2+ 29. Rxb2 axb2+ 30. Qxb2 Nxb2 0-1


[Site "https://www.chess.com"]

[Event "Titled Tuesday Blitz November 01 Early 2022"]
[White "Garv Gaur"]
[Black "Kanyamarala, Tarun"]
[WhiteFideId "45030839"]
[BlackFideId "45004714"]
[WhiteElo "1960"]
[BlackElo "2307"]
[Result "0-1"]
[Round "04"]
[TimeControl "180+1"]
[Date "2022.11.02"]
[WhiteClock "0:00:13"]
[BlackClock "0:00:52"]

1. d4 Nf6 2. Nf3 d5 3. c4 e6 4. g3 dxc4 5. Bg2 c5 6. O-O Nc6 7. Qa4 Bd7 8. Qxc4 b5 9. Qa4 bxa4 10. dxc5 Bxc5 11. Rd1 O-O 12. Nc3 Qb6 13. e3 Bb4 14. Nxa4 Qa5 15. b3 Rfd8 16. Bb2 Be8 17. a3 Rxd1+ 18. Rxd1 Be7 19. Bc3 Qc7 20. b4 Rd8 21. Rc1 Nxb4 22. Bd2 Qd7 23. axb4 Qxa4 24. Rb1 Qa2 25. Rd1 Bxb4 26. Nd4 Bxd2 27. Bf1 Ne4 28. Bd3 Nc3 29. Rf1 g6 30. h4 e5 0-1


[Site "https://www.chess.com"]

[Event "Titled Tuesday Blitz November 01 Early 2022"]
[White "Gharibyan, Mamikon"]
[Black "Kirillov, Dmitry"]
[WhiteFideId "13308300"]
[BlackFideId "34180572"]
[WhiteElo "2378"]
[BlackElo "2095"]
[Result "1-0"]
[Round "04"]
[TimeControl "180+1"]
[Date "2022.11.02"]
[WhiteClock "0:00:54"]
[BlackClock "0:00:03"]

1. Nf3 d5 2. g3 g6 3. Bg2 Bg7 4. d4 Nf6 5. O-O O-O 6. c3 c6 7. Bf4 Bf5 8. Nbd2 Nbd7 9. Nh4 Be6 10. e4 dxe4 11. Nxe4 Nxe4 12. Bxe4 Nf6 13. Bg2 Bd5 14. Nf3 Nd7 15. Qe2 Re8 16. Rfd1 b5 17. Ne5 Bxg2 18. Kxg2 Qc8 19. a4 a6 20. Qe4 Nxe5 21. Bxe5 e6 22. h4 f5 23. Qe3 Qd7 24. Re1 Qd5+ 25. Qf3 Kf7 26. Bxg7 Kxg7 27. Re5 Qxf3+ 28. Kxf3 Kf6 29. Rc5 Rac8 30. axb5 cxb5 31. Rxa6 Rxc5 32. dxc5 Rc8 33. b4 Ke5 34. Ke3 Kd5 35. Kd3 Rd8 36. Rb6 e5 37. Rxb5 e4+ 38. Ke2 Kc4 39. Rb7 Kxc3 40. c6 Rc8 41. b5 Kc4 42. c7 Kc5 43. b6 Kc6 44. Rb8 Kd7 45. Ke3 h6 46. Kf4 1-0


[Site "https://www.chess.com"]

[Event "Titled Tuesday Blitz November 01 Early 2022"]
[White "Ginzburg, Yakov"]
[Black "Kotepalli, Sai Nirupama"]
[WhiteFideId "4157176"]
[BlackFideId "5039444"]
[WhiteElo "2305"]
[BlackElo "2400"]
[Result "1-0"]
[Round "04"]
[TimeControl "180+1"]
[Date "2022.11.02"]
[WhiteClock "0:00:19"]
[BlackClock "0:00:04"]

1. e4 c5 2. Nf3 e6 3. d4 cxd4 4. Nxd4 Nf6 5. Nc3 Nc6 6. Ndb5 Bb4 7. a3 Bxc3+ 8. Nxc3 d5 9. exd5 exd5 10. Bd3 d4 11. Ne2 O-O 12. O-O Qd5 13. b4 a6 14. Bb2 Bg4 15. Qd2 Bxe2 16. Qxe2 Rfe8 17. Qd2 Rad8 18. Rfe1 Ne5 19. h3 b5 20. a4 Nc4 21. Bxc4 Rxe1+ 22. Rxe1 bxc4 23. Qe2 d3 24. cxd3 cxd3 25. Qe5 d2 26. Rd1 Qb3 27. Rxd2 Re8 28. Qc3 Qxa4 29. Kh2 h6 30. Rd6 Re6 31. Rxe6 fxe6 32. Qc8+ Kf7 33. Qb7+ Kg6 34. Qe7 Qc6 35. Be5 Qd5 36. Qc7 Qe4 37. Qd6 Qf5 38. f3 Ne8 39. Qd4 Kf7 40. Bg3 g5 41. Qa7+ Kf8 42. Qxa6 Kf7 43. Qb7+ Kf8 44. b5 h5 45. Qb8 1-0


[Site "https://www.chess.com"]

[Event "Titled Tuesday Blitz November 01 Early 2022"]
[White "Goh, Zi Han"]
[Black "Jiganchine, Roman"]
[WhiteFideId "5819156"]
[BlackFideId "2603667"]
[WhiteElo "2026"]
[BlackElo "2306"]
[Result "1-0"]
[Round "04"]
[TimeControl "180+1"]
[Date "2022.11.02"]
[WhiteClock "0:00:05"]
[BlackClock "0:00:07"]

1. d4 d5 2. c4 e6 3. Nc3 Nf6 4. cxd5 exd5 5. Bg5 c6 6. e3 Bf5 7. Qf3 Bg6 8. Bxf6 Qxf6 9. Qxf6 gxf6 10. Nf3 Nd7 11. g3 Nb6 12. Nh4 Nc8 13. Bh3 Nd6 14. O-O Be7 15. Ne2 a5 16. Rfc1 a4 17. Nf4 a3 18. b3 O-O 19. Nf3 Ne4 20. g4 Bb4 21. Ne2 Rfe8 22. Ne1 Kg7 23. Bg2 f5 24. Nd3 Bd6 25. gxf5 Bxf5 26. Ndf4 Bg6 27. h4 Nf6 28. Bf3 Be4 29. Bxe4 Nxe4 30. f3 Nf6 31. Kf2 Re7 32. Rg1+ Kf8 33. Rad1 Rae8 34. Rd3 c5 35. Nh3 cxd4 36. Nxd4 Bc5 37. Re1 h6 38. Nf4 Bb6 39. Ng2 Ba5 40. Rc1 Bb6 41. Rc2 Re5 42. Rcc3 Ba5 43. Rc5 Bb6 44. Rb5 Nd7 45. Rb4 R8e7 46. Ra4 Nc5 47. Ra8+ Kg7 48. Rd2 Ne6 49. Nxe6+ R5xe6 50. Rd3 d4 51. e4 Rc6 52. Nf4 Rc2+ 53. Kg3 Rxa2 54. Nh5+ Kg6 55. Nf4+ Kg7 56. Kg4 Bc7 57. Nh5+ Kg6 58. Rg8+ Kh7 59. Rg7+ Kh8 60. Rxd4 Rg2+ 61. Kf5 Rg5+ 62. hxg5 Re5+ 63. Kf6 Re6+ 64. Kxf7 hxg5 65. Rg8+ Kh7 66. Nf6+ Rxf6+ 67. Kxf6 Kxg8 68. Kxg5 Bf4+ 69. Kxf4 Kf7 70. Kf5 b6 71. Ra4 1-0


[Site "https://www.chess.com"]

[Event "Titled Tuesday Blitz November 01 Early 2022"]
[White "Gokerkan, Cem Kaan"]
[Black "Dubov, Daniil"]
[WhiteFideId "6336760"]
[BlackFideId "24126055"]
[WhiteElo "2365"]
[BlackElo "2791"]
[Result "0-1"]
[Round "04"]
[TimeControl "180+1"]
[Date "2022.11.01"]
[WhiteClock "0:00:03"]
[BlackClock "0:01:21"]

1. e4 e5 2. Nf3 Nc6 3. Bc4 Nf6 4. Ng5 d5 5. exd5 Na5 6. Bb5+ c6 7. dxc6 bxc6 8. Bd3 Nd5 9. Nf3 Nf4 10. O-O Bd6 11. Re1 O-O 12. Bf1 c5 13. d4 exd4 14. c3 Nc6 15. cxd4 cxd4 16. Bb5 Qb6 17. Bxc6 Qxc6 18. Bxf4 Bxf4 19. Qxd4 Qh6 20. Nc3 Bb7 21. Nd5 Bd6 22. Rad1 Rad8 23. Qc4 Qh5 24. Nf4 Qg4 25. Rd4 Bxf3 26. h3 Qg5 27. h4 Qg4 28. Re3 Bxf4 29. Rxf4 Qxg2# 0-1


[Site "https://www.chess.com"]

[Event "Titled Tuesday Blitz November 01 Early 2022"]
[White "Goltsev, Dmitry"]
[Black "Villamayor, Buenaventura"]
[WhiteFideId "24176710"]
[BlackFideId "5200393"]
[WhiteElo "2257"]
[BlackElo "2301"]
[Result "1-0"]
[Round "04"]
[TimeControl "180+1"]
[Date "2022.11.02"]
[WhiteClock "0:01:23"]
[BlackClock "0:00:04"]

1. e4 c5 2. Nf3 Nc6 3. d4 cxd4 4. Nxd4 Nf6 5. Nc3 e5 6. Nf5 d5 7. exd5 Bxf5 8. dxc6 Qxd1+ 9. Nxd1 bxc6 10. Ne3 Bg6 11. Bc4 Bc5 12. c3 Rd8 13. O-O O-O 14. b4 Bxe3 15. Bxe3 Bd3 16. Bxd3 Rxd3 17. Bxa7 Ra8 18. Bc5 Rxc3 19. a4 Nd5 20. a5 Rb3 21. Rfc1 g6 22. g3 Ra6 23. Bd6 Nxb4 24. Bxe5 Nd3 25. Rc3 Rb5 26. Bf6 Nc5 27. Re1 Ne6 28. Rd3 Ra8 29. a6 Rd5 30. Ra3 Kf8 31. a7 Nc7 32. Re7 Nb5 33. Rb7 Nxa7 34. Raxa7 Rd1+ 35. Kg2 Rxa7 1-0


[Site "https://www.chess.com"]

[Event "Titled Tuesday Blitz November 01 Early 2022"]
[White "Goltseva, Ekaterina"]
[Black "Sarkar, Justin"]
[WhiteFideId "24173770"]
[BlackFideId "2010011"]
[WhiteElo "2200"]
[BlackElo "2250"]
[Result "1-0"]
[Round "04"]
[TimeControl "180+1"]
[Date "2022.11.02"]
[WhiteClock "0:01:02"]
[BlackClock "0:00:01"]

1. e4 e5 2. Nf3 Nc6 3. Bb5 a6 4. Ba4 Nf6 5. O-O Be7 6. Re1 b5 7. Bb3 d6 8. c3 Bg4 9. h3 Bh5 10. a4 O-O 11. d3 Rb8 12. Nbd2 Nd7 13. g4 Bg6 14. Nf1 Nc5 15. Bd5 Qd7 16. axb5 axb5 17. b4 Ne6 18. Ng3 Nf4 19. Bxf4 exf4 20. Ne2 Ne5 21. Nxf4 c6 22. Bb3 Ra8 23. Qe2 Nxg4 24. Rxa8 Rxa8 25. hxg4 Qxg4+ 26. Ng2 Bh5 27. Nd4 Qh3 28. Qe3 1-0


[Site "https://www.chess.com"]

[Event "Titled Tuesday Blitz November 01 Early 2022"]
[White "Goriatchkin, Jouri"]
[Black "Rose, Felix"]
[WhiteFideId "4120183"]
[BlackFideId "5105722"]
[WhiteElo "1861"]
[BlackElo "2039"]
[Result "0-1"]
[Round "04"]
[TimeControl "180+1"]
[Date "2022.11.02"]
[WhiteClock "0:00:01"]
[BlackClock "0:01:22"]

1. d4 Nf6 2. c4 e6 3. Nf3 d5 4. Nc3 Be7 5. Bf4 O-O 6. e3 b6 7. cxd5 Nxd5 8. Nxd5 Qxd5 9. a3 c5 10. dxc5 Qxd1+ 11. Rxd1 bxc5 12. Bc4 Nd7 13. O-O Nb6 14. Be2 Bb7 15. Ne5 Rfd8 16. Rxd8+ Rxd8 17. Rd1 Rxd1+ 18. Bxd1 f6 19. Nf3 e5 20. Bg3 Bd5 21. Nd2 Kf7 22. e4 Bc6 23. f3 Na4 24. Nc4 Bb5 25. Bb3 Ke8 26. Kf2 Kd7 27. Ke1 Kc6 28. Kd2 a6 29. Bf2 Bd8 30. Bxa4 Bxa4 31. Kc3 Bc7 32. b3 Bb5 33. Ne3 Ba5+ 34. Kc2 Kd6 35. Nf5+ Kc6 36. Nxg7 Bf1 37. g3 Bg2 38. Kd3 Bxf3 39. Ne6 Bb6 40. Nf8 h5 41. Nh7 Bd8 42. Nf8 Be7 43. Ng6 Bd6 44. Nh4 Bg4 45. Nf5 Bxf5 46. exf5 Kb5 47. h3 a5 48. g4 hxg4 49. hxg4 a4 50. Kc3 axb3 51. Kxb3 c4+ 52. Kc3 Bxa3 53. Be3 Be7 54. Bd2 Bb4+ 55. Kc2 Bxd2 56. Kxd2 Kc5 57. Kc3 Kd5 58. Kd2 Ke4 59. g5 Kxf5 0-1


[Site "https://www.chess.com"]

[Event "Titled Tuesday Blitz November 01 Early 2022"]
[White "Goroshkov, Maksym"]
[Black "Ivic, Velimir"]
[WhiteFideId "14142716"]
[BlackFideId "950122"]
[WhiteElo "2257"]
[BlackElo "2625"]
[Result "0-1"]
[Round "04"]
[TimeControl "180+1"]
[Date "2022.11.01"]
[WhiteClock "0:01:31"]
[BlackClock "0:01:18"]

1. e4 c5 2. c3 Nf6 3. e5 Nd5 4. Bc4 Nb6 5. Bb3 Nc6 6. Nf3 d5 7. exd6 Qxd6 8. d4 cxd4 9. cxd4 Be6 10. Bxe6 Qxe6+ 11. Be3 Nd5 12. O-O Nxe3 13. fxe3 Qxe3+ 14. Kh1 O-O-O 15. d5 e6 16. Nc3 exd5 17. Qa4 Be7 18. Rae1 Qc5 19. Rc1 Qb4 20. Qc2 Kb8 21. Qf5 d4 22. Nd5 Qd6 23. Nxe7 Qxe7 24. Rxc6 bxc6 25. Ne5 Qe6 26. Qe4 Ka8 27. Rxf7 Rhe8 28. Nxc6 Qxf7 29. Ne7+ Qd5 0-1


[Site "https://www.chess.com"]